 Dungeon Crawl Stone Soup version 0.26-a0-490-gf8362a0c98 (webtiles) character file.

Game seed: 5653919433497067669

12 ANON1729 the Sneak (level 2, 0/25 HPs)
             Began as a Palentonga Delver on Aug 4, 2020.
             Slain by a bullfrog skeleton (1 damage)
             ... on level 6 of the Dungeon.
             The game lasted 00:01:05 (229 turns).

ANON1729 the Sneak (Palentonga Delver)               Turns: 229, Time: 00:01:06

Health: 0/25       AC:  4    Str: 15    XL:     2   Next: 20%
Magic:  2/2        EV:  9    Int: 10    God:
Gold:   0          SH:  0    Dex: 11    Spells: 1/1 levels left

rFire    . . .     SeeInvis +   a - +0 falchion
rCold    . . .     Faith    .   (no shield)
rNeg     . . .     Spirit   .   b - +0 leather armour
rPois    .         Reflect  .   (no helmet)
rElec    .         Harm     .   (no cloak)
rCorr    .                      (no gloves)
MR       .....                  (boots restricted)
Stlth    ++........             (no amulet)
HPRegen  0.08/turn              (no ring)
MPRegen  0.08/turn              (no ring)

@: hasted, very quick
A: large, rugged brown scales 3, see invisible, deformed body, roll, armoured
tail
a: Rolling Charge


You were on level 6 of the Dungeon.
You visited 1 branch of the dungeon, and saw 2 of its levels.

Inventory:

Hand Weapons
 a - a +0 falchion (weapon)
Armour
 b - a +0 leather armour (worn)
Wands
 g - a wand of digging (3)
Scrolls
 c - a scroll of fog
 d - a scroll of magic mapping


   Skills:
 + Level 3.1 Fighting
 + Level 2.2 Long Blades
 + Level 1.8 Dodging
 + Level 3.4 Stealth


You had one spell level left.
You didn't know any spells.
Your spell library was empty.

Dungeon Overview and Level Annotations

Branches:
Dungeon (6/15)
 Temple: D:4-7

Altars:


Innate Abilities, Weirdness & Mutations

You are completely covered in rugged brown scales. (AC +3, +7% HP)
You have supernaturally acute eyesight. (SInv)
Armour fits poorly on your strangely shaped body.
You can roll at foes to attack.
You have a long armoured tail.


Message History

You hit the bullfrog skeleton but do no damage.
The bullfrog skeleton hits you. x2
You hit the bullfrog skeleton.
The bullfrog skeleton is lightly damaged.
The bullfrog skeleton hits you.
You hit the bullfrog skeleton but do no damage.
The bullfrog skeleton is lightly damaged.
The bullfrog skeleton hits you but does no damage.
The bullfrog skeleton hits you.
* * * LOW HITPOINT WARNING * * *
You hit the bullfrog skeleton.
The bullfrog skeleton is lightly damaged.
The bullfrog skeleton barely misses you.
You barely miss the bullfrog skeleton.
The bullfrog skeleton is lightly damaged.
The bullfrog skeleton hits you but does no damage. x2
You feel yourself speed up. The bullfrog skeleton hits you.
* * * LOW HITPOINT WARNING * * *
The bullfrog skeleton hits you.
You die...

. # ### #...........#...#
.............#.#
........$.. ..#
#..........##.# #####
###...........Z.# #...#
##......$....###@###.#.#
...#..........##.....#.#
##..<.# #......####.#
#..#### ##....## #.#
###.## #.....# #.#
....########.#.#.#####.###
...o....oZ...<...........#
###.....#.#####...(......#
###.....#.# ##.....#.###


You could see a bullfrog skeleton.

Vanquished Creatures
  A worker ant zombie (D:6)
  A quokka (D:6)
2 creatures vanquished.

Notes
Turn   | Place    | Note
-------+----------+-------------------------------------------
     0 | D:5      | ANON1729 the Palentonga Delver began the quest for the Orb.
     0 | D:5      | Reached XP level 1. HP: 19/19 MP: 1/1
     2 | D:5      | Noticed an orc wizard
     2 | D:5      | Noticed an orc priest
     3 | D:5      | Noticed an orc priest
    27 | D:6      | Reached XP level 2. HP: 6/25 MP: 2/2
   228 | D:6      | HP: 1/25 [bullfrog skeleton (5)]
   229 | D:6      | Slain by a bullfrog skeleton

Illustrated notes

Levels and vault maps discovered:
D:5:      layout_cave_pools, basic_altar, uniq_prince_ribbit1,
          uniq_blork_the_orc
D:6:      layout_rooms, lightli_ossuary_entry_decrepit_ruins, serial_shops,
          nicolae_shop_waterfront

Action                   || total
-------------------------++-------
Melee: Falchion          ||    14
       Tailslap          ||     4
  Use: Scroll            ||     1
       Potion            ||     1
 Stab: Sleeping          ||     1
Armor: Leather armour    ||     3
Dodge: Dodged            ||     3
       Rpst.: Falchion   ||     1

Table legend: (Time is in decaauts)
 A = Elapsed time spent in this place.
 B = Non-inter-level travel time spent in this place.
 C = Inter-level travel time spent in this place.
 D = Time resting spent in this place.
 E = Time spent auto-exploring this place.
 F = Levels seen in this place.
 G = Mean time per level.
                   A        B        C        D        E       F      G
               +--------+--------+--------+--------+--------+-----+--------+
         Total |    231 |    231 |      0 |    143 |      2 |   2 |  115.5 |
       Dungeon |    231 |    231 |      0 |    143 |      2 |   2 |  115.5 |
               +--------+--------+--------+--------+--------+-----+--------+

Top non-repeatable levels by time:
     D:6: 224 daAuts
     D:5: 7 daAuts
